Map: Ruins of Endion

Players

Pokebunny

  • Race: Terran Terran
  • League: Grandmaster

GAMETIME - Winner!

  • Race: Zerg Zerg
  • League: Grandmaster

VOD

Have the link to the VOD?

Description

Time

  • Played on: April 4, 2016, 2:20 p.m.
  • Length: 10:17
Show
View Real Time Build Order
Export as new Build Order

Pokebunny Terran 

Build Orders: Liberator Opening, Reaper Expand, MMM Bio 

Get SALT Encoding   

  12  0:00  SCV  
  13  0:12  SCV  
  14  0:17  Supply Depot  
  14  0:25  SCV  
  15  0:39  SCV  
  15  0:40  Barracks  
  16  0:45  Refinery  
  16  0:51  SCV  
  17  1:03  SCV  
  18  1:15  SCV  
  19  1:28  Orbital Command, Reaper  
  20  1:39  Command Center  
  20  1:54  SCV  
  21  1:55  Supply Depot  
  21  2:00  Marine  
  22  2:06  SCV  
  23  2:17  Refinery, Factory  
  23  2:22  SCV  
  24  2:23  Barracks Reactor  
  24  2:38  SCV  
  25  2:50  SCV  
  26  2:51  Orbital Command  
  26  3:06  Starport  
  26  3:10  Command Center  
  26  3:11  Hellion  
  28  3:15  Hellion  
  30  3:23  SCV x2  
  32  3:27  Liberator  
  32  3:31  Barracks Tech Lab  
  32  3:36  Hellion x2  
  39  3:51  SCV x2  
  39  3:53  Marine  
  39  3:54  Stimpack  
  42  4:00  Supply Depot  
  42  4:02  Supply Depot  
  42  4:04  SCV x2  
  44  4:11  Barracks  
  44  4:16  Barracks  
  44  4:18  Factory Reactor  
  44  4:24  Marine  
  44  4:26  SCV  
  44  4:27  SCV  
  44  4:28  Orbital Command  
  47  4:35  Starport Reactor  
  47  4:42  Marine  
  48  4:50  Refinery x2  
  48  4:51  Engineering Bay  
  48  4:53  Engineering Bay  
  48  4:54  SCV x2  
  50  5:00  Marine  
  50  5:05  Marine x2  
  53  5:07  Factory Tech Lab  
  53  5:13  Supply Depot  
  53  5:16  Bunker  
  53  5:18  Marine, SCV x3  
  57  5:22  Marine x2  
  57  5:26  Siege Tank  
  62  5:29  Marine  
  62  5:30  Marine  
  62  5:34  Missile Turret  
  62  5:35  Terran Infantry Weapons Level 1  
  64  5:37  Terran Infantry Armor Level 1  
  64  5:48  Missile Turret  
  64  5:55  Marine x4  
  64  5:56  Marine  
  69  6:04  SCV  
  69  6:05  SCV x2  
  69  6:08  Siege Tank  
  69  6:09  Medivac x2  
  79  6:18  Marine x2  
  79  6:19  Marine x3  
  83  6:28  SCV  
  83  6:29  SCV  
  83  6:30  Orbital Command  
  85  6:33  Combat Shields  
  85  6:38  Supply Depot, Missile Turret  
  85  6:46  Supply Depot x2, Missile Turret  
  85  6:48  Medivac  
  85  6:55  Siege Tank  
  85  7:00  Medivac  
  86  7:09  Marine x5  
  86  7:10  Missile Turret  
  86  7:11  Missile Turret  
  86  7:15  Armory  
  91  7:35  Marine x4  
  91  7:36  Barracks  
  95  7:37  Barracks  
  95  7:44  Marine  
  96  7:52  Marine  
  96  7:53  Marine x2  
  93  8:03  Marine x2  
  93  8:04  Siege Tank  
  88  8:06  Medivac x2  
  88  8:10  Marine x2  
  94  8:14  SCV x3  
  94  8:18  Marine  
  98  8:21  Marine x2  
  98  8:22  Supply Depot  
  98  8:23  Supply Depot  
  100  8:28  Marine  
  99  8:41  Barracks Reactor x2, Marine x2, Marauder  
  95  8:42  Siege Tank, Marine  
  95  8:46  Marine, SCV x3  
  105  8:59  Marine  
  105  9:02  Marauder  
  92  9:16  Marine x3  
  88  9:17  Marine  
  88  9:20  Siege Tank, Medivac x2  
  88  9:21  Marine x3  
  88  9:22  Marine  
  88  9:24  Marauder  
  99  9:26  Supply Depot  
  99  9:28  Barracks  
  99  9:29  Barracks  
  99  9:30  Barracks  
  97  9:47  Marine x2  
  97  9:48  Marine x2, Marauder  
Show
View Real Time Build Order
Export as new Build Order

GAMETIME Zerg - Winner!

Build Orders: Hatch First 

Get SALT Encoding   

  12  0:00  Drone  
  13  0:08  Drone  
  14  0:17  Overlord  
  14  0:25  Extractor  
  14  0:26  Drone  
  15  0:36  Drone x2  
  17  0:52  Hatchery  
  17  0:55  Drone  
  17  0:58  Drone  
  18  1:04  Extractor  
  17  1:14  Spawning Pool  
  17  1:18  Drone  
  17  1:21  Drone  
  18  1:26  Drone  
  19  1:37  Overlord  
  19  1:52  Drone  
  20  2:02  Queen  
  20  2:04  Queen  
  20  2:05  Zergling x4  
  26  2:10  Metabolic Boost  
  26  2:11  Drone  
  26  2:15  Drone  
  28  2:20  Zergling x2  
  29  2:28  Drone  
  30  2:31  Drone  
  30  2:36  Drone  
  31  2:41  Queen  
  33  2:45  Lair  
  33  2:50  Overlord  
  33  2:52  Drone  
  34  3:00  Drone x2  
  35  3:07  Overlord  
  35  3:09  Drone  
  35  3:10  Extractor  
  35  3:13  Zergling x6  
  35  3:14  Drone  
  35  3:17  Drone  
  40  3:23  Drone x2  
  42  3:29  Overlord, Drone  
  43  3:34  Drone  
  43  3:40  Drone  
  45  3:42  Drone  
  45  3:46  Drone  
  45  3:47  Spire  
  46  3:49  Extractor  
  46  3:50  Drone, Extractor  
  46  3:53  Drone  
  46  3:54  Drone  
  47  4:01  Overlord  
  47  4:02  Drone x2  
  49  4:06  Drone  
  50  4:17  Drone x4  
  50  4:21  Overlord x2  
  54  4:35  Hatchery  
  54  4:38  Drone x3  
  56  4:44  Overlord x2  
  56  4:50  Drone x2  
  56  4:51  Overlord  
  58  5:03  Mutalisk  
  58  5:04  Mutalisk x3  
  66  5:07  Mutalisk  
  68  5:15  Evolution Chamber  
  68  5:16  Mutalisk, Evolution Chamber  
  68  5:19  Mutalisk  
  70  5:22  Mutalisk  
  70  5:25  Mutalisk  
  74  5:37  Drone x2  
  74  5:38  Roach Warren  
  74  5:39  Drone  
  74  5:40  Drone x2  
  74  5:41  Drone  
  80  5:42  Drone  
  80  5:43  Drone  
  80  5:45  Drone  
  80  5:47  Drone  
  81  5:51  Zerg Missile Weapons Level 1  
  81  5:58  Drone x2  
  81  5:59  Drone  
  81  6:01  Drone x2  
  86  6:05  Zerg Ground Armor Level 1  
  86  6:08  Overlord  
  86  6:09  Drone  
  87  6:12  Drone  
  88  6:19  Drone  
  88  6:24  Drone  
  88  6:25  Drone x6  
  92  6:28  Extractor  
  92  6:29  Extractor  
  92  6:33  Glial Reconstitution  
  92  6:35  Roach x2  
  92  6:39  Overlord x2  
  96  6:42  Zerg Flyer Weapons Level 1  
  96  6:44  Roach  
  96  6:45  Hatchery  
  97  6:48  Roach  
  97  6:49  Roach  
  97  6:51  Roach  
  103  6:59  Roach  
  103  7:01  Roach  
  107  7:02  Roach  
  107  7:03  Roach x2  
  107  7:04  Roach x4  
  121  7:09  Overlord  
  121  7:20  Overlord x2  
  121  7:21  Overlord  
  121  7:27  Roach  
  121  7:28  Roach, Ravager  
  121  7:29  Ravager x3  
  128  7:33  Roach  
  128  7:35  Overlord x4  
  129  7:39  Roach  
  129  7:40  Roach x3  
  137  7:44  Roach  
  137  7:47  Roach  
  137  7:50  Roach  
  135  7:59  Roach x2  
  135  8:03  Roach x3  
  135  8:04  Roach x3  
  145  8:06  Roach x3  
  145  8:12  Roach x3  
  155  8:19  Roach x4  
  161  8:20  Roach  
  161  8:24  Roach  
  161  8:25  Roach  
  163  8:30  Roach  
  163  8:31  Roach x2  
  163  8:32  Roach  
  163  8:34  Roach  
  173  8:39  Roach x3  
  173  8:41  Roach  
  157  8:42  Roach  
  157  8:44  Roach  
  157  8:48  Roach x2  
  165  8:49  Roach  
  165  8:50  Roach  
  165  8:52  Roach  
  165  8:53  Ravager  
  165  8:54  Roach  
  174  8:56  Roach  
  174  8:57  Roach  
  174  9:01  Roach  
  180  9:07  Roach x2  
  153  9:10  Roach  
  153  9:11  Roach x4  
  153  9:12  Roach  
  153  9:14  Roach  
  153  9:16  Roach  
  159  9:18  Roach x2  
  159  9:21  Corruptor  
  165  9:26  Extractor  
  165  9:27  Roach x3  
  165  9:29  Roach  
  165  9:31  Roach  
  174  9:32  Roach  
  176  9:43  Overlord x3  
  176  9:44  Overlord x2  
  166  9:55  Roach  
  166  9:56  Roach x2  
Tags
 
Add a new tag
Caveats
  • Supply blocks, unpowered buildings, or Contaminate may cause inaccurate times.
  • Supply counts are checked every 10 seconds.